General information
- name: BNet
- type: Ladder team game (AT/RT)
- host: Battle.net
- saver: bixnood
map: TwilightRuins_LV
- players: 8
- length: 18:11
- speed: Fast
- version: 1.29 W3XP
- replay type: Public
» download(207 KB)
Players
team 1 (winner)

»
reI0r-XXII (
purple | 73 APM | 1321 actions | 18:10)
5 Demon Hunter
2 Evasion
3 Mana Burn
3 Keeper of the Grove
2 Force of Nature
1 Entangling Roots
» actions
| Assign group hotkey | 59 | |
| Basic commands | 107 | |
| Build / train | 71 | |
| ESC pressed | 2 | |
| Enter build submenu | 23 | |
| Enter hero's abilities submenu | 8 | |
| Give item / drop item | 2 | |
| Remove unit from queue | 1 | |
| Right click | 292 | |
| Select / deselect | 534 | |
| Select group hotkey | 160 | |
| Use ability | 62 | |
1321 total
» units
| Wisp | 25 | |
| Archer | 9 | |
| Hippogryph | 6 | |
| Druid of the Talon | 1 | |
| Chimaera | 2 | |
43 total
» upgrades
| Hippogryph Taming | 1 | |
| Improved Bows | 1 | |
| Nature's Blessing | 1 | |
| Marksmanship | 1 | |
| Corrosive Breath | 1 | |
| Strength of the Wild | 0 | |
| Strength of the Moon | 1 | |
6 total
» buildings
| Altar of Elders | 2 | |
| Moon Well | 7 | |
| Ancient of War | 2 | |
| Tree of Ages | 2 | |
| Tree of Eternity | 2 | |
| Tree of Life | 3 | |
| Ancient of Wind | 3 | |
| Ancient of Wonders | 1 | |
| Hunter's Hall | 1 | |
| Chimaera Roost | 2 | |
25 total
» build order
00:01 Altar of Elders
00:03 Altar of Elders
00:17 Moon Well
00:31 Ancient of War
01:32 Moon Well
02:41 Tree of Ages
02:41 Tree of Ages
03:10 Ancient of War
03:29 Moon Well
05:09 Tree of Eternity
05:10 Tree of Eternity
05:22 Tree of Life
05:39 Ancient of Wind
05:44 Ancient of Wonders
06:11 Ancient of Wind
08:13 Tree of Life
09:33 Moon Well
11:30 Tree of Life
12:02 Moon Well
12:55 Ancient of Wind
15:03 Hunter's Hall
15:14 Chimaera Roost
16:07 Moon Well
16:09 Chimaera Roost
17:16 Moon Well
» items
| Scroll of Town Portal | 2 | |
| Potion of Healing | 2 | |
| Anti-magic Potion | 1 | |
| Orb of Venom | 1 | |
6 total
h5345435 (
red | 135 APM | 2460 actions | 18:10)
5 Tauren Chieftain
2 Endurance Aura
3 Shockwave
3 Pandaren Brewmaster
2 Breath of Fire
1 Drunken Brawler
» actions
| Assign group hotkey | 53 | |
| Basic commands | 72 | |
| Build / train | 64 | |
| Enter build submenu | 19 | |
| Enter hero's abilities submenu | 8 | |
| Give item / drop item | 6 | |
| Right click | 1160 | |
| Select / deselect | 289 | |
| Select group hotkey | 708 | |
| Use ability | 81 | |
2460 total
» units
| Peon | 14 | |
| Grunt | 7 | |
| Goblin Shredder | 1 | |
| Troll Batrider | 5 | |
27 total
» upgrades
| Spiked Barricades | 1 | |
| Liquid Fire | 1 | |
| Reinforced Defenses | 1 | |
| Ranged Weapons | 3 | |
| Troll Regeneration | 1 | |
| Armor | 1 | |
8 total
» buildings
| Altar of Storms | 1 | |
| Orc Burrow | 3 | |
| Barracks | 1 | |
| Voodoo Lounge | 1 | |
| Stronghold | 1 | |
| War Mill | 1 | |
| Great Hall | 3 | |
| Watch Tower | 6 | |
| Fortress | 1 | |
| Beastiary | 2 | |
20 total
» build order
00:09 Altar of Storms
00:14 Orc Burrow
00:37 Barracks
01:29 Orc Burrow
02:01 Voodoo Lounge
03:01 Orc Burrow
03:53 Stronghold
04:18 War Mill
05:23 Great Hall
05:30 Watch Tower
05:31 Watch Tower
05:45 Watch Tower
05:49 Watch Tower
06:23 Fortress
07:02 Beastiary
08:41 Beastiary
10:34 Watch Tower
10:39 Watch Tower
14:15 Great Hall
14:56 Great Hall
» items
| Healing Salve | 4 | |
| Scroll of Speed | 1 | |
| Potion of Healing | 2 | |
| Potion of Mana | 3 | |
| Lesser Clarity Potion | 3 | |
| Scroll of Town Portal | 2 | |
| Orb of Lightning | 1 | |
16 total
bixnood (
teal | 73 APM | 1329 actions | 18:11)
7 Archmage
3 Summon Water Elemental
3 Brilliance Aura
1 Mass Teleport
» actions
| Assign group hotkey | 53 | |
| Basic commands | 67 | |
| Build / train | 72 | |
| Enter build submenu | 31 | |
| Enter hero's abilities submenu | 8 | |
| Give item / drop item | 3 | |
| Remove unit from queue | 4 | |
| Right click | 527 | |
| Select / deselect | 364 | |
| Select group hotkey | 109 | |
| Use ability | 91 | |
1329 total
» units
| Peasant | 19 | |
| Footman | 4 | |
| Goblin Shredder | 1 | |
| Goblin Sapper | 1 | |
| Gryphon Rider | 6 | |
31 total
» upgrades
| Masonry | 2 | |
| Swords | 2 | |
| Animal War Training | 1 | |
| Storm Hammers | 1 | |
| Armor | 1 | |
7 total
» buildings
| Altar of Kings | 1 | |
| Barracks | 1 | |
| Farm | 7 | |
| Scout Tower | 13 | |
| Arcane Tower | 2 | |
| Arcane Vault | 1 | |
| Keep | 1 | |
| Lumber Mill | 1 | |
| Town Hall | 2 | |
| Guard Tower | 6 | |
| Castle | 1 | |
| Gryphon Aviary | 2 | |
| Blacksmith | 2 | |
40 total
» build order
00:47 Altar of Kings
00:49 Barracks
00:51 Farm
00:52 Farm
01:05 Farm
01:32 Scout Tower
02:09 Arcane Tower
02:38 Arcane Vault
03:30 Keep
04:05 Lumber Mill
04:24 Farm
04:40 Town Hall
04:45 Scout Tower
04:45 Scout Tower
04:45 Scout Tower
04:46 Scout Tower
05:44 Guard Tower
06:53 Castle
07:01 Scout Tower
07:01 Scout Tower
07:02 Scout Tower
07:04 Scout Tower
07:36 Guard Tower
08:01 Arcane Tower
08:15 Guard Tower
08:28 Guard Tower
09:36 Scout Tower
09:42 Scout Tower
09:43 Scout Tower
09:46 Scout Tower
10:10 Guard Tower
10:15 Guard Tower
10:41 Guard Tower
10:43 Guard Tower
10:53 Gryphon Aviary
10:53 Gryphon Aviary
12:07 Blacksmith
12:10 Blacksmith
12:15 Farm
12:15 Farm
12:17 Farm
15:28 Town Hall
» items
| Scroll of Regeneration | 3 | |
| Mechanical Critter | 1 | |
| Ivory Tower | 2 | |
| Scroll of Town Portal | 3 | |
| Potion of Healing | 2 | |
| Staff of Sanctuary | 1 | |
12 total
iMAGiNE] (
green | 126 APM | 2285 actions | 18:10)
4 Archmage
2 Summon Water Elemental
2 Brilliance Aura
2 Mountain King
1 Thunder Clap
1 Bash
» actions
| Assign group hotkey | 370 | |
| Basic commands | 193 | |
| Build / train | 62 | |
| Enter build submenu | 23 | |
| Enter hero's abilities submenu | 6 | |
| Give item / drop item | 1 | |
| Remove unit from queue | 4 | |
| Right click | 742 | |
| Select / deselect | 348 | |
| Select group hotkey | 452 | |
| Use ability | 84 | |
2285 total
» units
| Peasant | 7 | |
| Footman | 7 | |
| Priest | 3 | |
| Sorceress | 6 | |
| Mortar Team | 7 | |
| Rifleman | 6 | |
| Spell Breaker | 4 | |
40 total
» upgrades
| Lumber Harvesting | 1 | |
| Gunpowder | 1 | |
| Flare | 1 | |
| Plating | 1 | |
| Long Rifles | 1 | |
5 total
» buildings
| Altar of Kings | 1 | |
| Farm | 8 | |
| Barracks | 1 | |
| Keep | 2 | |
| Arcane Vault | 1 | |
| Arcane Sanctum | 2 | |
| Blacksmith | 1 | |
| Workshop | 1 | |
| Lumber Mill | 1 | |
| Town Hall | 1 | |
19 total
» build order
00:07 Altar of Kings
00:48 Farm
01:25 Farm
02:10 Barracks
02:17 Keep
02:18 Keep
03:19 Farm
03:51 Farm
04:03 Arcane Vault
05:09 Arcane Sanctum
05:25 Farm
05:30 Blacksmith
05:49 Arcane Sanctum
06:56 Workshop
06:57 Farm
06:58 Farm
07:13 Lumber Mill
07:46 Farm
09:54 Town Hall
» items
| Scroll of Regeneration | 1 | |
| Scroll of Town Portal | 1 | |
2 total
team 2 (loser)

»
vagpen (
orange | 71 APM | 830 actions | 11:43)
3 Archmage
2 Summon Water Elemental
1 Brilliance Aura
» actions
| Assign group hotkey | 7 | |
| Basic commands | 22 | |
| Build / train | 69 | |
| ESC pressed | 2 | |
| Enter build submenu | 17 | |
| Enter hero's abilities submenu | 4 | |
| Give item / drop item | 1 | |
| Right click | 387 | |
| Select / deselect | 203 | |
| Select group hotkey | 59 | |
| Use ability | 59 | |
830 total
» units
| Peasant | 39 | |
| Footman | 13 | |
| Goblin Sapper | 2 | |
54 total
» upgrades
| Plating | 2 | |
| Defend | 1 | |
| Gunpowder | 1 | |
| Masonry | 1 | |
5 total
» buildings
| Altar of Kings | 1 | |
| Farm | 9 | |
| Barracks | 1 | |
| Arcane Vault | 1 | |
| Keep | 3 | |
| Town Hall | 1 | |
| Blacksmith | 1 | |
| Lumber Mill | 1 | |
| Castle | 1 | |
| Workshop | 3 | |
22 total
» build order
00:35 Altar of Kings
00:40 Farm
00:46 Barracks
01:02 Farm
01:34 Farm
01:53 Farm
02:18 Arcane Vault
02:44 Farm
04:47 Keep
04:47 Keep
04:48 Keep
05:26 Town Hall
05:33 Blacksmith
05:45 Farm
05:46 Farm
05:47 Farm
06:34 Lumber Mill
08:04 Farm
08:45 Castle
08:52 Workshop
10:13 Workshop
11:25 Workshop
» items
| Scroll of Regeneration | 1 | |
| Lesser Clarity Potion | 1 | |
2 total
WarMachine (
yellow | 68 APM | 1015 actions | 14:54)
1 Death Knight
1 Death Coil
4 Crypt Lord
2 Carrion Beetles
1 Spiked Carapace
1 Impale
» actions
| Assign group hotkey | 52 | |
| Basic commands | 75 | |
| Build / train | 49 | |
| ESC pressed | 6 | |
| Enter build submenu | 14 | |
| Enter hero's abilities submenu | 5 | |
| Give item / drop item | 2 | |
| Right click | 250 | |
| Select / deselect | 241 | |
| Select group hotkey | 270 | |
| Use ability | 51 | |
1015 total
» units
| Acolyte | 3 | |
| Ghoul | 3 | |
| Crypt Fiend | 8 | |
| Frost Wyrm | 6 | |
20 total
» upgrades
| Creature Attack | 1 | |
| Web | 1 | |
| Burrow | 1 | |
3 total
» buildings
| Graveyard | 1 | |
| Crypt | 1 | |
| Ziggurat | 5 | |
| Altar of Darkness | 1 | |
| Nerubian Tower | 1 | |
| Tomb of Relics | 1 | |
| Halls of the Dead | 1 | |
| Sacrificial Pit | 1 | |
| Black Citadel | 2 | |
| Boneyard | 2 | |
16 total
» build order
00:12 Graveyard
00:15 Crypt
00:40 Ziggurat
01:01 Altar of Darkness
01:31 Nerubian Tower
01:36 Tomb of Relics
02:25 Ziggurat
04:09 Halls of the Dead
04:31 Ziggurat
05:51 Ziggurat
06:44 Sacrificial Pit
06:48 Black Citadel
06:48 Black Citadel
09:34 Boneyard
09:50 Boneyard
11:43 Ziggurat
» items
| Rod of Necromancy | 2 | |
| Potion of Mana | 3 | |
| Potion of Healing | 5 | |
| Scroll of Town Portal | 2 | |
12 total
RUFFLES_ (
blue | 148 APM | 2189 actions | 14:50)
5 Archmage
3 Summon Water Elemental
2 Brilliance Aura
2 Blood Mage
1 Flame Strike
1 Siphon Mana
» actions
| Assign group hotkey | 246 | |
| Basic commands | 111 | |
| Build / train | 68 | |
| Enter build submenu | 23 | |
| Enter hero's abilities submenu | 7 | |
| Give item / drop item | 4 | |
| Remove unit from queue | 6 | |
| Right click | 639 | |
| Select / deselect | 318 | |
| Select group hotkey | 662 | |
| Use ability | 105 | |
2189 total
» units
| Peasant | 14 | |
| Footman | 8 | |
| Goblin Shredder | 2 | |
| Rifleman | 10 | |
| Priest | 3 | |
| Sorceress | 2 | |
| Spell Breaker | 1 | |
40 total
» upgrades
» buildings
| Altar of Kings | 1 | |
| Barracks | 2 | |
| Farm | 9 | |
| Town Hall | 2 | |
| Arcane Vault | 1 | |
| Keep | 1 | |
| Blacksmith | 1 | |
| Lumber Mill | 1 | |
| Arcane Sanctum | 2 | |
20 total
» build order
00:03 Altar of Kings
00:21 Barracks
00:37 Farm
00:52 Farm
01:34 Farm
03:21 Town Hall
03:53 Arcane Vault
04:12 Farm
04:32 Keep
04:59 Barracks
05:01 Blacksmith
05:28 Lumber Mill
05:31 Farm
05:54 Farm
07:02 Farm
07:56 Arcane Sanctum
07:59 Arcane Sanctum
08:39 Farm
08:41 Farm
12:20 Town Hall
» items
nomicaon (
pink | 0 APM | 3 actions | 18:10)
Chat log
(06:27 / Allies) iMAGiNE]: 1 guys
(06:31 / Allies) bixnood: my shit is hurt
(06:34 / Allies) iMAGiNE]: same
(07:19 / Allies) bixnood: telling me one guy you can't even creep expo bro
(07:39 / Allies) iMAGiNE]: i crept it that way
(07:41 / Allies) iMAGiNE]: so i could tech
(08:40 / All) vagpen: nice luck noob
(08:43 / All) vagpen: and afk
(11:42 / All) vagpen: gg
(12:43 / Allies) bixnood: help plz
(12:48 / Allies) iMAGiNE]: got u
(14:14 / Allies) bixnood: gold?
(14:26 / Allies) bixnood: ty
(14:29 / Allies) iMAGiNE]: np